General information
- name: BNet
- type: Ladder team game (AT/RT)
- host: Battle.net
- saver: walk_the_dog
map: Cherryville
- players: 8
- length: 78:48
- speed: Fast
- version: 1.26 W3XP
- replay type: Public
» download(408 KB)
Players
team 1 (loser)

»
thatguysname (
orange | 24 APM | 1304 actions | 55:19)
5 Tauren Chieftain
1 War Stomp
3 Endurance Aura
1 Shockwave
3 Shadow Hunter
2 Healing Wave
1 Serpent Ward
» actions
| Basic commands | 1 | |
| Build / train | 67 | |
| Enter build submenu | 83 | |
| Enter hero's abilities submenu | 8 | |
| Give item / drop item | 4 | |
| Right click | 641 | |
| Select / deselect | 377 | |
| Use ability | 123 | |
1304 total
» units
| Peon | 22 | |
| Grunt | 4 | |
| Tauren | 6 | |
| Shaman | 5 | |
| Demolisher | 3 | |
40 total
» upgrades
| Shaman Training | 2 | |
| Pulverize | 1 | |
| Reinforced Defenses | 1 | |
| Melee Weapons | 2 | |
| Armor | 2 | |
| Spiked Barricades | 3 | |
| Burning Oil | 1 | |
12 total
» buildings
| Altar of Storms | 1 | |
| Orc Burrow | 11 | |
| Barracks | 1 | |
| War Mill | 1 | |
| Voodoo Lounge | 1 | |
| Stronghold | 1 | |
| Watch Tower | 62 | |
| Fortress | 1 | |
| Spirit Lodge | 1 | |
| Tauren Totem | 2 | |
| Great Hall | 1 | |
83 total
» build order
00:07 Altar of Storms
00:11 Orc Burrow
01:11 Barracks
01:46 Orc Burrow
02:22 Orc Burrow
02:32 War Mill
03:27 Voodoo Lounge
04:05 Stronghold
04:23 Watch Tower
04:48 Watch Tower
05:58 Orc Burrow
06:44 Fortress
06:48 Spirit Lodge
06:56 Watch Tower
09:43 Tauren Totem
09:46 Tauren Totem
11:00 Orc Burrow
11:05 Orc Burrow
12:02 Orc Burrow
13:01 Watch Tower
14:25 Great Hall
14:34 Watch Tower
15:46 Watch Tower
16:00 Watch Tower
18:28 Orc Burrow
20:29 Orc Burrow
21:29 Watch Tower
21:31 Watch Tower
22:38 Watch Tower
22:42 Watch Tower
23:15 Watch Tower
23:59 Watch Tower
24:03 Watch Tower
24:09 Orc Burrow
24:17 Orc Burrow
24:22 Watch Tower
25:42 Watch Tower
25:46 Watch Tower
25:49 Watch Tower
26:54 Watch Tower
27:00 Watch Tower
27:17 Watch Tower
28:22 Watch Tower
28:27 Watch Tower
28:34 Watch Tower
35:02 Watch Tower
35:40 Watch Tower
35:49 Watch Tower
36:27 Watch Tower
37:23 Watch Tower
37:26 Watch Tower
37:32 Watch Tower
37:37 Watch Tower
38:38 Watch Tower
38:47 Watch Tower
38:50 Watch Tower
38:55 Watch Tower
40:16 Watch Tower
40:19 Watch Tower
40:23 Watch Tower
40:28 Watch Tower
41:26 Watch Tower
41:31 Watch Tower
41:38 Watch Tower
42:20 Watch Tower
43:23 Watch Tower
43:34 Watch Tower
43:39 Watch Tower
44:03 Watch Tower
44:28 Watch Tower
44:47 Watch Tower
44:51 Watch Tower
46:49 Watch Tower
47:00 Watch Tower
47:41 Watch Tower
48:48 Watch Tower
49:59 Watch Tower
50:09 Watch Tower
51:03 Watch Tower
51:08 Watch Tower
51:21 Watch Tower
51:51 Watch Tower
53:06 Watch Tower
» items
| Healing Salve | 2 | |
| Orb of Lightning | 1 | |
3 total
dwarlord (
green | 45 APM | 2441 actions | 54:06)
4 Dark Ranger
2 Black Arrow
2 Life Drain
3 Lich
2 Frost Nova
1 Frost Armor
» actions
| Assign group hotkey | 41 | |
| Basic commands | 122 | |
| Build / train | 89 | |
| Enter build submenu | 29 | |
| Enter hero's abilities submenu | 7 | |
| Remove unit from queue | 5 | |
| Right click | 806 | |
| Select / deselect | 470 | |
| Select group hotkey | 824 | |
| Use ability | 48 | |
2441 total
» units
| Acolyte | 30 | |
| Ghoul | 3 | |
| Crypt Fiend | 10 | |
| Obsidian Statue | 1 | |
| Frost Wyrm | 13 | |
57 total
» upgrades
| Creature Carapace | 3 | |
| Creature Attack | 3 | |
| Web | 1 | |
| Freezing Breath | 1 | |
8 total
» buildings
| Crypt | 1 | |
| Ziggurat | 15 | |
| Altar of Darkness | 1 | |
| Graveyard | 1 | |
| Nerubian Tower | 2 | |
| Halls of the Dead | 1 | |
| Slaughterhouse | 1 | |
| Tomb of Relics | 1 | |
| Sacrificial Pit | 1 | |
| Black Citadel | 1 | |
| Boneyard | 1 | |
| Spirit Tower | 2 | |
28 total
» build order
00:41 Crypt
00:46 Ziggurat
00:54 Altar of Darkness
01:03 Graveyard
01:18 Ziggurat
03:56 Nerubian Tower
04:01 Ziggurat
04:52 Halls of the Dead
08:25 Slaughterhouse
08:40 Ziggurat
10:00 Tomb of Relics
11:01 Ziggurat
11:45 Sacrificial Pit
11:48 Black Citadel
14:26 Boneyard
16:40 Ziggurat
17:58 Ziggurat
20:16 Ziggurat
20:46 Ziggurat
40:24 Ziggurat
41:05 Ziggurat
45:34 Ziggurat
46:10 Ziggurat
48:14 Ziggurat
48:15 Spirit Tower
48:17 Nerubian Tower
48:23 Ziggurat
49:09 Spirit Tower
» items
| Orb of Lightning | 1 | |
| Orb of Corruption | 1 | |
2 total

»
mtalbs5 (
red | 18 APM | 983 actions | 53:59)
5 Death Knight
2 Death Coil
1 Unholy Aura
2 Death Pact
» actions
| Assign group hotkey | 15 | |
| Build / train | 97 | |
| Enter build submenu | 47 | |
| Enter hero's abilities submenu | 5 | |
| Right click | 305 | |
| Select / deselect | 269 | |
| Select group hotkey | 184 | |
| Use ability | 61 | |
983 total
» units
| Acolyte | 41 | |
| Ghoul | 3 | |
| Crypt Fiend | 14 | |
| Frost Wyrm | 8 | |
66 total
» upgrades
| Creature Attack | 3 | |
| Creature Carapace | 2 | |
| Web | 1 | |
| Burrow | 1 | |
| Freezing Breath | 1 | |
8 total
» buildings
| Ziggurat | 27 | |
| Altar of Darkness | 1 | |
| Crypt | 4 | |
| Graveyard | 2 | |
| Halls of the Dead | 2 | |
| Black Citadel | 1 | |
| Sacrificial Pit | 1 | |
| Boneyard | 2 | |
| Nerubian Tower | 11 | |
| Necropolis | 1 | |
| Tomb of Relics | 1 | |
| Spirit Tower | 3 | |
56 total
» build order
00:10 Ziggurat
00:16 Altar of Darkness
00:25 Crypt
01:23 Ziggurat
01:46 Graveyard
02:01 Crypt
02:32 Ziggurat
06:26 Halls of the Dead
07:08 Ziggurat
10:48 Ziggurat
11:00 Ziggurat
11:07 Ziggurat
11:14 Ziggurat
11:55 Black Citadel
12:10 Sacrificial Pit
12:40 Ziggurat
14:24 Boneyard
14:45 Boneyard
22:18 Nerubian Tower
22:20 Nerubian Tower
29:37 Nerubian Tower
29:38 Nerubian Tower
31:07 Necropolis
32:58 Tomb of Relics
34:55 Ziggurat
35:04 Halls of the Dead
35:09 Ziggurat
36:08 Nerubian Tower
36:09 Nerubian Tower
36:24 Ziggurat
36:28 Ziggurat
38:48 Nerubian Tower
38:50 Nerubian Tower
39:06 Graveyard
41:23 Ziggurat
41:38 Ziggurat
41:50 Ziggurat
41:57 Ziggurat
43:42 Ziggurat
43:45 Spirit Tower
43:47 Spirit Tower
43:51 Nerubian Tower
43:53 Nerubian Tower
44:06 Ziggurat
44:19 Ziggurat
44:29 Crypt
44:46 Crypt
45:32 Ziggurat
45:50 Ziggurat
46:24 Ziggurat
47:00 Ziggurat
47:47 Ziggurat
47:56 Ziggurat
48:08 Ziggurat
48:32 Spirit Tower
48:34 Nerubian Tower
Dan_Murat (
yellow | 25 APM | 1975 actions | 78:45)
4 Death Knight
1 Death Coil
1 Death Pact
1 Animate Dead
1 Unholy Aura
» actions
| Assign group hotkey | 2 | |
| Basic commands | 3 | |
| Build / train | 106 | |
| ESC pressed | 19 | |
| Enter build submenu | 77 | |
| Enter hero's abilities submenu | 4 | |
| Right click | 989 | |
| Select / deselect | 702 | |
| Use ability | 73 | |
1975 total
» units
| Acolyte | 55 | |
| Ghoul | 8 | |
| Crypt Fiend | 1 | |
| Frost Wyrm | 10 | |
| Peon | 3 | |
77 total
» upgrades
| Web | 1 | |
| Creature Carapace | 1 | |
| Creature Attack | 1 | |
| Freezing Breath | 1 | |
4 total
» buildings
| Ziggurat | 25 | |
| Altar of Darkness | 1 | |
| Crypt | 1 | |
| Halls of the Dead | 1 | |
| Nerubian Tower | 9 | |
| Graveyard | 1 | |
| Black Citadel | 1 | |
| Sacrificial Pit | 2 | |
| Tomb of Relics | 1 | |
| Boneyard | 3 | |
| Temple of the Damned | 2 | |
| Spirit Tower | 9 | |
| Watch Tower | 7 | |
| Necropolis | 1 | |
64 total
» build order
00:11 Ziggurat
00:58 Altar of Darkness
01:14 Crypt
02:41 Halls of the Dead
04:03 Ziggurat
04:05 Nerubian Tower
04:09 Ziggurat
05:04 Graveyard
05:06 Black Citadel
06:13 Sacrificial Pit
06:33 Tomb of Relics
07:58 Boneyard
08:04 Boneyard
08:10 Boneyard
09:39 Ziggurat
09:42 Ziggurat
09:52 Ziggurat
10:00 Temple of the Damned
10:06 Ziggurat
10:42 Temple of the Damned
11:11 Nerubian Tower
11:13 Spirit Tower
13:09 Nerubian Tower
13:15 Nerubian Tower
16:13 Ziggurat
16:20 Ziggurat
16:26 Ziggurat
18:12 Nerubian Tower
18:13 Spirit Tower
22:38 Nerubian Tower
22:42 Spirit Tower
22:44 Spirit Tower
29:37 Sacrificial Pit
33:39 Ziggurat
34:07 Ziggurat
34:10 Ziggurat
34:14 Ziggurat
34:18 Ziggurat
34:33 Ziggurat
34:49 Nerubian Tower
36:02 Spirit Tower
36:06 Spirit Tower
36:42 Spirit Tower
36:44 Nerubian Tower
37:30 Spirit Tower
44:08 Ziggurat
44:12 Ziggurat
44:15 Ziggurat
44:19 Ziggurat
44:22 Ziggurat
44:24 Ziggurat
44:37 Ziggurat
55:39 Spirit Tower
55:42 Nerubian Tower
57:45 Watch Tower
57:51 Watch Tower
58:10 Watch Tower
58:46 Ziggurat
59:23 Ziggurat
59:39 Watch Tower
59:59 Watch Tower
60:25 Watch Tower
60:32 Watch Tower
70:26 Necropolis
team 2 (winner)
mentaltowerscar (
teal | 69 APM | 5414 actions | 78:46)
6 Archmage
3 Blizzard
2 Brilliance Aura
1 Mass Teleport
5 Pit Lord
3 Rain of Fire
2 Cleaving Attack
5 Pandaren Brewmaster
3 Breath of Fire
2 Drunken Haze
» actions
| Assign group hotkey | 61 | |
| Basic commands | 144 | |
| Build / train | 267 | |
| Enter build submenu | 76 | |
| Enter hero's abilities submenu | 18 | |
| Give item / drop item | 20 | |
| Remove unit from queue | 29 | |
| Right click | 2457 | |
| Select / deselect | 861 | |
| Select group hotkey | 754 | |
| Use ability | 727 | |
5414 total
» units
| Peasant | 18 | |
| Goblin Shredder | 7 | |
| Goblin Zeppelin | 8 | |
| Sorceress | 1 | |
| Dragonhawk Rider | 4 | |
| Flying Machine | 11 | |
| Mortar Team | 2 | |
| Goblin Sapper | 13 | |
| Gryphon Rider | 4 | |
68 total
» upgrades
| Masonry | 3 | |
| Lumber Harvesting | 2 | |
| Magic Sentry | 1 | |
| Sorceress Training | 1 | |
| Flak Cannons | 1 | |
| Barrage | 1 | |
| Cloud | 2 | |
| Swords | 3 | |
| Gunpowder | 3 | |
| Fragmentation Shards | 1 | |
| Flare | 1 | |
| Plating | 2 | |
| Armor | 2 | |
| Storm Hammers | 1 | |
| Flying Machine Bombs | 1 | |
25 total
» buildings
| Farm | 19 | |
| Altar of Kings | 1 | |
| Lumber Mill | 76 | |
| Scout Tower | 178 | |
| Arcane Tower | 4 | |
| Guard Tower | 63 | |
| Town Hall | 3 | |
| Keep | 2 | |
| Castle | 1 | |
| Arcane Sanctum | 1 | |
| Blacksmith | 1 | |
| Gryphon Aviary | 2 | |
| Arcane Vault | 2 | |
| Workshop | 2 | |
355 total
» build order
00:10 Farm
00:16 Altar of Kings
01:26 Farm
01:45 Lumber Mill
02:14 Scout Tower
02:18 Scout Tower
02:19 Scout Tower
02:21 Scout Tower
02:29 Farm
02:48 Scout Tower
02:48 Arcane Tower
02:48 Arcane Tower
02:48 Arcane Tower
03:13 Guard Tower
03:14 Scout Tower
03:15 Scout Tower
03:27 Guard Tower
03:32 Lumber Mill
03:46 Lumber Mill
04:20 Town Hall
05:48 Guard Tower
05:52 Scout Tower
05:54 Scout Tower
05:58 Scout Tower
05:59 Scout Tower
06:09 Keep
06:10 Keep
06:26 Guard Tower
06:26 Guard Tower
06:26 Guard Tower
06:27 Guard Tower
06:27 Guard Tower
06:29 Scout Tower
06:30 Scout Tower
06:31 Scout Tower
06:31 Scout Tower
06:34 Scout Tower
06:34 Scout Tower
06:47 Guard Tower
06:49 Scout Tower
06:50 Scout Tower
06:52 Scout Tower
06:53 Scout Tower
06:55 Scout Tower
06:57 Scout Tower
06:58 Scout Tower
07:01 Scout Tower
07:02 Scout Tower
07:33 Guard Tower
07:34 Guard Tower
07:34 Guard Tower
07:34 Guard Tower
07:37 Guard Tower
07:37 Guard Tower
07:52 Guard Tower
07:57 Guard Tower
08:03 Guard Tower
08:26 Guard Tower
09:22 Castle
09:23 Arcane Sanctum
09:26 Scout Tower
09:26 Scout Tower
09:28 Scout Tower
09:32 Scout Tower
09:32 Scout Tower
09:46 Guard Tower
10:31 Guard Tower
10:38 Town Hall
11:20 Scout Tower
11:21 Scout Tower
11:22 Scout Tower
11:31 Scout Tower
11:35 Scout Tower
12:01 Guard Tower
12:04 Guard Tower
12:05 Guard Tower
12:09 Guard Tower
12:14 Blacksmith
12:56 Gryphon Aviary
12:57 Gryphon Aviary
13:01 Scout Tower
13:02 Scout Tower
13:02 Scout Tower
13:03 Scout Tower
13:04 Scout Tower
13:05 Scout Tower
13:09 Scout Tower
13:10 Scout Tower
13:11 Scout Tower
13:11 Scout Tower
13:33 Guard Tower
13:35 Guard Tower
13:37 Scout Tower
13:38 Scout Tower
13:39 Scout Tower
13:40 Scout Tower
13:40 Scout Tower
13:41 Scout Tower
13:43 Scout Tower
13:44 Scout Tower
13:45 Scout Tower
13:46 Scout Tower
13:47 Scout Tower
13:48 Scout Tower
13:50 Scout Tower
13:52 Scout Tower
13:53 Scout Tower
13:55 Scout Tower
13:57 Scout Tower
13:59 Scout Tower
14:00 Scout Tower
14:02 Scout Tower
14:04 Scout Tower
14:05 Scout Tower
14:10 Scout Tower
14:12 Scout Tower
14:12 Scout Tower
14:15 Scout Tower
14:17 Scout Tower
14:17 Scout Tower
14:18 Scout Tower
14:19 Scout Tower
14:22 Guard Tower
14:25 Guard Tower
14:29 Scout Tower
14:30 Scout Tower
14:30 Scout Tower
14:32 Scout Tower
14:33 Scout Tower
14:34 Scout Tower
14:35 Scout Tower
14:36 Scout Tower
14:37 Scout Tower
14:39 Scout Tower
14:40 Scout Tower
14:41 Scout Tower
14:42 Scout Tower
14:43 Scout Tower
14:44 Scout Tower
14:44 Scout Tower
14:46 Scout Tower
14:46 Scout Tower
14:48 Scout Tower
14:48 Scout Tower
14:49 Scout Tower
14:53 Guard Tower
14:54 Guard Tower
15:37 Arcane Vault
15:40 Arcane Vault
15:43 Workshop
15:44 Workshop
16:08 Guard Tower
16:10 Guard Tower
16:28 Guard Tower
16:40 Scout Tower
16:40 Scout Tower
16:41 Scout Tower
16:41 Scout Tower
16:41 Scout Tower
16:42 Scout Tower
16:43 Scout Tower
16:44 Scout Tower
16:46 Scout Tower
16:49 Scout Tower
16:50 Scout Tower
16:51 Scout Tower
16:52 Scout Tower
16:53 Scout Tower
16:54 Scout Tower
17:00 Guard Tower
17:01 Guard Tower
17:08 Lumber Mill
18:24 Guard Tower
18:26 Guard Tower
18:27 Guard Tower
19:50 Guard Tower
19:52 Guard Tower
19:56 Guard Tower
20:04 Scout Tower
20:05 Scout Tower
20:06 Scout Tower
20:06 Scout Tower
20:07 Scout Tower
20:08 Scout Tower
20:09 Scout Tower
20:09 Scout Tower
20:10 Scout Tower
20:11 Scout Tower
20:11 Scout Tower
20:13 Scout Tower
20:14 Scout Tower
20:15 Scout Tower
20:15 Scout Tower
20:17 Scout Tower
20:17 Scout Tower
20:18 Scout Tower
20:18 Scout Tower
20:19 Scout Tower
20:19 Scout Tower
20:34 Guard Tower
20:34 Guard Tower
20:34 Guard Tower
20:42 Lumber Mill
20:43 Lumber Mill
20:43 Lumber Mill
20:43 Lumber Mill
20:43 Lumber Mill
20:44 Lumber Mill
20:44 Lumber Mill
20:44 Lumber Mill
20:44 Lumber Mill
20:45 Lumber Mill
20:45 Lumber Mill
20:45 Lumber Mill
20:45 Lumber Mill
20:46 Lumber Mill
20:46 Lumber Mill
20:46 Lumber Mill
20:47 Lumber Mill
20:47 Lumber Mill
20:48 Farm
20:49 Farm
20:49 Farm
20:49 Farm
21:18 Farm
21:19 Farm
21:19 Farm
22:04 Guard Tower
22:05 Guard Tower
22:09 Guard Tower
22:49 Lumber Mill
22:49 Lumber Mill
22:50 Lumber Mill
22:50 Lumber Mill
22:50 Lumber Mill
22:51 Lumber Mill
22:51 Lumber Mill
22:51 Lumber Mill
22:51 Lumber Mill
22:52 Lumber Mill
22:52 Lumber Mill
22:52 Lumber Mill
22:52 Lumber Mill
22:53 Lumber Mill
22:53 Lumber Mill
22:53 Lumber Mill
22:53 Lumber Mill
22:54 Lumber Mill
22:54 Lumber Mill
22:54 Lumber Mill
22:54 Lumber Mill
22:55 Lumber Mill
22:55 Lumber Mill
22:55 Lumber Mill
22:55 Lumber Mill
22:56 Lumber Mill
22:56 Lumber Mill
24:33 Scout Tower
24:34 Scout Tower
24:34 Scout Tower
24:34 Scout Tower
24:36 Scout Tower
24:36 Scout Tower
24:36 Scout Tower
25:13 Guard Tower
25:14 Guard Tower
26:05 Farm
26:05 Farm
26:05 Farm
26:06 Farm
26:06 Farm
27:10 Guard Tower
28:11 Guard Tower
28:20 Scout Tower
28:20 Scout Tower
28:21 Scout Tower
28:22 Scout Tower
28:22 Scout Tower
28:24 Scout Tower
28:24 Scout Tower
28:24 Scout Tower
28:24 Scout Tower
28:25 Scout Tower
28:26 Scout Tower
28:26 Scout Tower
28:28 Scout Tower
28:28 Scout Tower
28:28 Scout Tower
28:29 Scout Tower
28:30 Scout Tower
28:30 Scout Tower
28:30 Scout Tower
28:31 Scout Tower
28:38 Scout Tower
28:38 Scout Tower
28:38 Scout Tower
28:38 Scout Tower
28:39 Scout Tower
28:39 Scout Tower
28:39 Scout Tower
28:40 Scout Tower
28:40 Scout Tower
28:41 Scout Tower
28:43 Scout Tower
28:43 Scout Tower
28:43 Scout Tower
28:43 Scout Tower
28:44 Scout Tower
28:53 Farm
29:24 Guard Tower
29:24 Guard Tower
29:45 Town Hall
33:06 Guard Tower
33:08 Guard Tower
35:19 Guard Tower
40:24 Guard Tower
66:33 Farm
» items
| Healing Salve | 3 | |
| Lesser Clarity Potion | 4 | |
| Boots of Speed | 11 | |
| Staff of Teleportation | 11 | |
| Scroll of Town Portal | 8 | |
| Orb of Lightning | 3 | |
| Circlet of Nobility | 1 | |
| Staff of Sanctuary | 3 | |
| Scroll of Regeneration | 2 | |
| Potion of Healing | 2 | |
| Potion of Mana | 1 | |
| Mechanical Critter | 2 | |
51 total
walk_the_dog (
pink | 53 APM | 4160 actions | 78:48)
6 Archmage
3 Blizzard
2 Brilliance Aura
1 Mass Teleport
6 Pit Lord
3 Rain of Fire
2 Cleaving Attack
1 Doom
5 Blood Mage
3 Flame Strike
2 Siphon Mana
» actions
| Assign group hotkey | 78 | |
| Basic commands | 170 | |
| Build / train | 143 | |
| ESC pressed | 9 | |
| Enter build submenu | 47 | |
| Enter hero's abilities submenu | 18 | |
| Give item / drop item | 8 | |
| Right click | 1402 | |
| Select / deselect | 556 | |
| Select group hotkey | 1145 | |
| Use ability | 584 | |
4160 total
» units
| Peasant | 28 | |
| Goblin Shredder | 2 | |
| Sorceress | 2 | |
| Gryphon Rider | 6 | |
| Dragonhawk Rider | 1 | |
39 total
» upgrades
| Masonry | 2 | |
| Lumber Harvesting | 1 | |
| Magic Sentry | 1 | |
| Sorceress Training | 2 | |
| Swords | 3 | |
| Armor | 3 | |
| Animal War Training | 1 | |
| Cloud | 1 | |
| Storm Hammers | 1 | |
15 total
» buildings
| Altar of Kings | 1 | |
| Farm | 15 | |
| Lumber Mill | 3 | |
| Scout Tower | 93 | |
| Arcane Tower | 3 | |
| Guard Tower | 38 | |
| Town Hall | 1 | |
| Keep | 1 | |
| Arcane Vault | 1 | |
| Castle | 1 | |
| Arcane Sanctum | 1 | |
| Blacksmith | 2 | |
| Barracks | 1 | |
| Gryphon Aviary | 4 | |
165 total
» build order
00:08 Altar of Kings
00:10 Farm
00:11 Farm
00:45 Farm
01:03 Lumber Mill
01:11 Scout Tower
01:14 Scout Tower
01:55 Arcane Tower
01:55 Arcane Tower
02:15 Arcane Tower
02:24 Scout Tower
02:29 Scout Tower
02:50 Farm
03:10 Guard Tower
03:12 Guard Tower
03:19 Scout Tower
03:21 Scout Tower
03:23 Scout Tower
03:24 Scout Tower
03:53 Guard Tower
03:55 Guard Tower
04:11 Scout Tower
04:14 Scout Tower
04:15 Guard Tower
04:15 Guard Tower
04:17 Guard Tower
04:18 Scout Tower
04:20 Scout Tower
04:33 Scout Tower
04:39 Guard Tower
04:39 Guard Tower
04:42 Scout Tower
04:50 Guard Tower
05:11 Scout Tower
05:13 Scout Tower
05:21 Guard Tower
05:24 Scout Tower
05:25 Scout Tower
05:47 Guard Tower
06:03 Guard Tower
06:44 Town Hall
06:54 Scout Tower
06:55 Scout Tower
06:59 Scout Tower
07:00 Scout Tower
07:20 Keep
07:41 Arcane Vault
08:00 Guard Tower
08:19 Guard Tower
08:20 Scout Tower
08:21 Scout Tower
08:52 Scout Tower
08:52 Scout Tower
09:01 Guard Tower
09:20 Scout Tower
09:20 Scout Tower
09:21 Scout Tower
09:21 Scout Tower
09:22 Scout Tower
09:25 Guard Tower
09:27 Scout Tower
09:27 Scout Tower
09:28 Scout Tower
09:29 Scout Tower
09:30 Scout Tower
09:58 Castle
10:26 Arcane Sanctum
10:29 Guard Tower
10:31 Guard Tower
10:50 Scout Tower
10:51 Scout Tower
10:52 Scout Tower
10:53 Scout Tower
10:53 Scout Tower
10:54 Scout Tower
10:54 Scout Tower
10:55 Scout Tower
10:56 Scout Tower
10:56 Scout Tower
10:56 Scout Tower
10:57 Scout Tower
10:59 Guard Tower
11:16 Scout Tower
11:17 Scout Tower
11:17 Scout Tower
11:17 Scout Tower
11:18 Scout Tower
11:19 Scout Tower
11:20 Scout Tower
11:20 Scout Tower
11:20 Scout Tower
11:22 Scout Tower
11:44 Farm
11:47 Farm
12:14 Guard Tower
13:11 Guard Tower
14:11 Guard Tower
14:18 Lumber Mill
14:22 Guard Tower
14:43 Guard Tower
14:45 Guard Tower
14:48 Guard Tower
14:49 Guard Tower
14:58 Guard Tower
16:08 Scout Tower
16:08 Scout Tower
16:09 Scout Tower
16:09 Scout Tower
16:11 Scout Tower
16:12 Scout Tower
16:13 Scout Tower
16:14 Scout Tower
16:14 Scout Tower
16:15 Scout Tower
16:19 Scout Tower
16:20 Scout Tower
16:21 Scout Tower
16:22 Scout Tower
16:23 Scout Tower
16:23 Scout Tower
16:24 Scout Tower
16:25 Scout Tower
16:25 Scout Tower
16:26 Scout Tower
16:27 Scout Tower
16:27 Scout Tower
16:27 Scout Tower
17:01 Guard Tower
17:03 Scout Tower
17:05 Scout Tower
17:05 Scout Tower
17:07 Scout Tower
17:07 Scout Tower
17:08 Scout Tower
17:08 Scout Tower
17:10 Scout Tower
17:11 Scout Tower
17:13 Guard Tower
17:19 Blacksmith
17:19 Blacksmith
17:22 Barracks
17:26 Gryphon Aviary
17:26 Gryphon Aviary
17:27 Gryphon Aviary
17:27 Gryphon Aviary
18:56 Guard Tower
18:59 Guard Tower
19:01 Guard Tower
19:04 Guard Tower
19:51 Guard Tower
23:59 Guard Tower
25:21 Farm
25:21 Farm
25:22 Farm
25:22 Farm
25:25 Farm
25:25 Farm
25:25 Farm
25:25 Farm
28:23 Lumber Mill
36:01 Guard Tower
» items
| Lesser Clarity Potion | 2 | |
| Healing Salve | 5 | |
| Staff of Teleportation | 3 | |
| Boots of Speed | 3 | |
| Potion of Invisibility | 2 | |
| Scroll of Speed | 4 | |
| Orb of Lightning | 3 | |
| Scroll of Town Portal | 1 | |
| Staff of Sanctuary | 2 | |
| Mechanical Critter | 1 | |
26 total
badabang (
purple | 51 APM | 3909 actions | 76:18)
4 Blademaster
2 Wind Walk
2 Critical Strike
3 Tauren Chieftain
1 War Stomp
2 Endurance Aura
2 Pit Lord
1 Howl of Terror
1 Cleaving Attack
» actions
| Basic commands | 61 | |
| Build / train | 87 | |
| Enter build submenu | 43 | |
| Enter hero's abilities submenu | 9 | |
| Give item / drop item | 9 | |
| Right click | 2572 | |
| Select / deselect | 949 | |
| Use ability | 179 | |
3909 total
» units
| Peon | 13 | |
| Tauren | 3 | |
| Troll Witch Doctor | 5 | |
| Shaman | 4 | |
| Troll Batrider | 10 | |
35 total
» upgrades
| Witch Doctor Training | 2 | |
| Shaman Training | 3 | |
| Reinforced Defenses | 1 | |
| Armor | 1 | |
| Melee Weapons | 1 | |
| Ranged Weapons | 1 | |
9 total
» buildings
| Altar of Storms | 1 | |
| Orc Burrow | 9 | |
| Voodoo Lounge | 3 | |
| War Mill | 2 | |
| Stronghold | 4 | |
| Watch Tower | 16 | |
| Spirit Lodge | 2 | |
| Fortress | 1 | |
| Tauren Totem | 2 | |
| Beastiary | 3 | |
| Great Hall | 2 | |
45 total
» build order
00:34 Altar of Storms
00:39 Orc Burrow
00:50 Voodoo Lounge
01:39 War Mill
01:44 War Mill
02:24 Stronghold
02:24 Stronghold
02:24 Stronghold
03:18 Watch Tower
03:25 Watch Tower
04:27 Watch Tower
04:32 Watch Tower
04:37 Orc Burrow
05:04 Spirit Lodge
05:43 Watch Tower
05:54 Watch Tower
06:06 Orc Burrow
06:56 Watch Tower
07:14 Fortress
07:41 Watch Tower
08:00 Watch Tower
08:54 Orc Burrow
09:19 Watch Tower
09:27 Watch Tower
09:41 Voodoo Lounge
09:51 Tauren Totem
09:58 Tauren Totem
11:03 Voodoo Lounge
11:29 Orc Burrow
12:06 Watch Tower
12:34 Watch Tower
12:44 Orc Burrow
14:50 Watch Tower
15:28 Watch Tower
15:33 Watch Tower
17:32 Spirit Lodge
20:54 Beastiary
20:58 Beastiary
22:38 Beastiary
23:57 Orc Burrow
24:00 Orc Burrow
25:57 Orc Burrow
58:22 Great Hall
58:29 Great Hall
» items
| Healing Salve | 5 | |
| Lesser Clarity Potion | 4 | |
| Orb of Lightning | 3 | |
| Scroll of Town Portal | 2 | |
| Staff of Sanctuary | 2 | |
| Scroll of Regeneration | 1 | |
| Staff of Teleportation | 6 | |
23 total
Tezcatlipoca (
blue | 19 APM | 806 actions | 43:01)
4 Warden
2 Shadow Strike
2 Fan of Knives
1 Demon Hunter
1 Evasion
1 Firelord
1 Incinerate
» actions
| Basic commands | 29 | |
| Build / train | 83 | |
| Enter build submenu | 30 | |
| Enter hero's abilities submenu | 6 | |
| Give item / drop item | 2 | |
| Remove unit from queue | 2 | |
| Right click | 273 | |
| Select / deselect | 315 | |
| Use ability | 66 | |
806 total
» units
| Wisp | 20 | |
| Archer | 7 | |
| Huntress | 5 | |
| Dryad | 7 | |
| Druid of the Claw | 4 | |
| Chimaera | 2 | |
45 total
» upgrades
| Strength of the Moon | 3 | |
| Moon Armor | 3 | |
| Improved Bows | 1 | |
| Sentinel | 1 | |
| Strength of the Wild | 3 | |
| Abolish Magic | 1 | |
| Well Spring | 1 | |
| Reinforced Hides | 3 | |
| Druid of the Claw Training | 2 | |
| Nature's Blessing | 1 | |
19 total
» buildings
| Moon Well | 13 | |
| Altar of Elders | 1 | |
| Ancient of War | 2 | |
| Hunter's Hall | 2 | |
| Tree of Ages | 1 | |
| Tree of Life | 2 | |
| Tree of Eternity | 1 | |
| Ancient of Wonders | 2 | |
| Ancient of Wind | 1 | |
| Ancient of Lore | 2 | |
| Chimaera Roost | 2 | |
29 total
» build order
00:21 Moon Well
00:35 Altar of Elders
00:55 Ancient of War
01:35 Moon Well
02:02 Ancient of War
02:17 Moon Well
02:57 Hunter's Hall
04:46 Moon Well
04:53 Tree of Ages
05:54 Moon Well
07:49 Tree of Life
08:37 Tree of Eternity
09:58 Ancient of Wonders
10:02 Ancient of Wind
10:12 Hunter's Hall
11:24 Ancient of Lore
12:09 Ancient of Lore
15:04 Moon Well
15:54 Ancient of Wonders
17:09 Moon Well
17:39 Moon Well
22:05 Chimaera Roost
23:01 Chimaera Roost
24:32 Moon Well
24:37 Moon Well
24:52 Moon Well
25:38 Moon Well
26:06 Moon Well
27:07 Tree of Life
» items
| Orb of Venom | 1 | |
| Anti-magic Potion | 1 | |
| Potion of Healing | 1 | |
| Dust of Appearance | 1 | |
| Scroll of Town Portal | 2 | |
6 total
Chat log
(00:04 / Allies) walk_the_dog: i top u bottom
(00:11 / Allies) badabang: humans u knowh?
(00:11 / Allies) Tezcatlipoca: ok
(01:01 / All) Dan_Murat: k
(01:10 / Allies) badabang: bm harass
(01:15 / Allies) badabang: here
(01:35 / 4) walk_the_dog: go start towering hte chokes
(02:04 / 4) walk_the_dog: lets team up on the mid expo
(02:32 / Allies) badabang: ok
(02:35 / Allies) badabang: i c
(03:14 / 4) walk_the_dog: u take it
(03:37 / 4) walk_the_dog: get the back expo too in a bit
(04:04 / 6) mentaltowerscar: damn wood
(04:28 / Allies) Tezcatlipoca: purple
(04:37 / Allies) Tezcatlipoca: hit the alt button to get their life status
(04:47 / Allies) badabang: u
(04:48 / Allies) badabang: k
(05:56 / 4) walk_the_dog: they just lost a dk and like 4 fiends
(05:57 / Allies) badabang: lumber?
(05:58 / 4) walk_the_dog: at top lol
(06:04 / Allies) walk_the_dog: sure ill take some
(06:10 / Allies) badabang: i need
(07:20 / All) thatguysname: i like ur plan u guys
(08:03 / All) badabang: is call team work
(08:04 / 4) walk_the_dog: get that bottom right expo asap
(10:16 / 4) walk_the_dog: no wood
(11:09 / Allies) Tezcatlipoca: hope we got aa
(11:22 / Allies) badabang: i got melee
(11:23 / Allies) walk_the_dog: wqell towers hit air
(11:44 / Allies) Tezcatlipoca: they have to run into towers for it to work
(11:46 / Allies) Tezcatlipoca: they have frost
(11:55 / Allies) badabang: i will harass
(12:58 / Allies) badabang: lumber?
(13:00 / Allies) badabang: gold?
(15:05 / Allies) badabang: ima harsass
(17:47 / Allies) badabang: U SEE/
(17:49 / Allies) badabang: ?
(18:19 / Allies) walk_the_dog: you might want to lose those archers
(18:26 / Allies) walk_the_dog: not sure theyre worth the 30% tax bracket
(18:50 / 4) walk_the_dog: lookout for shades
(19:11 / Allies) walk_the_dog: wish this game had a ctrl ping
(19:14 / Allies) walk_the_dog: retreat
(19:15 / Allies) walk_the_dog: before u feed
(19:28 / Allies) badabang: B
(20:23 / Allies) badabang: GOLD ME
(21:04 / Allies) badabang: GOLD ME IMA GET RADERIS
(21:08 / Allies) badabang: NET THEM OR TOWERS
(21:10 / Allies) walk_the_dog: thats the worst thing you could get
(21:20 / Allies) badabang: melee hjer
(21:38 / Allies) walk_the_dog: wy dont u get to 50 food, make 6 beastiaries and do bat waves on their air
(21:56 / Allies) badabang: they have fiends
(22:02 / Allies) badabang: i need gold
(22:08 / Allies) Tezcatlipoca: lumber please
(22:17 / Allies) badabang: gpold
(22:26 / Allies) walk_the_dog: thats why you use the bats on wyrms not fiends
(22:41 / Allies) badabang: i abse
(23:08 / Allies) badabang: dang gold for bats hurrry
(23:26 / Allies) walk_the_dog: youre at 69 food
(24:04 / Allies) badabang: gold hurry ima get basta
(25:24 / Allies) badabang: gold me for bast
(25:26 / Allies) badabang: batas
(25:38 / Allies) walk_the_dog: youre at 58 food
(25:50 / Allies) badabang: gold i know
(25:53 / Allies) walk_the_dog: if i gave you 1000 gold, it would be paying 300 gold just for some taurens to suck up oxygen in your base
(26:24 / Allies) badabang: gold me
(26:39 / Allies) badabang: pink u ha alot
(27:00 / Allies) badabang: my absts get il;
(27:37 / Allies) badabang: gold for more bats
(27:44 / Allies) badabang: i upgrade
(27:54 / Allies) walk_the_dog: why would you upgrade bats
(27:56 / Allies) badabang: pink gold massing basts
(28:05 / Allies) badabang: better hits
(28:13 / Allies) badabang: goild
(28:55 / Allies) Tezcatlipoca: gold please
(28:56 / Allies) Tezcatlipoca: now
(28:59 / Allies) badabang: me too
(29:01 / Allies) Tezcatlipoca: pink
(29:03 / Allies) Tezcatlipoca: you got 70000
(29:07 / Allies) badabang: i know right
(29:22 / Allies) walk_the_dog: thats because i dont blow it on units, then feed the units to the enemy levelling their heros
(29:35 / Allies) badabang: i dont do that ima get batas
(30:09 / 4) walk_the_dog: youre over food?
(30:12 / 4) walk_the_dog: inc bot
(30:46 / Allies) Tezcatlipoca: pink you are the wrost team mate ever
(30:49 / Allies) Tezcatlipoca: gold man
(31:09 / Allies) walk_the_dog: why dont you give me some gold im the one towering
(31:12 / Allies) badabang: is greedy hes prolly poor in real life
(32:47 / Allies) Tezcatlipoca: we lost
(32:50 / Allies) Tezcatlipoca: its all on pink
(32:50 / 4) walk_the_dog: if u get to 50 i can godl u
(34:38 / Allies) Tezcatlipoca: no shit
(34:41 / Allies) Tezcatlipoca: thats what ive been saying
(34:44 / Allies) Tezcatlipoca: com eon pinnk
(34:46 / Allies) Tezcatlipoca: something
(34:49 / Allies) badabang: gold ima get batas
(36:25 / Allies) badabang: gold for tp
(37:21 / 4) walk_the_dog: damn they have a lot left to mine
(37:58 / Allies) badabang: gold i need heal
(38:04 / Allies) walk_the_dog: i have 4000 gold with no income
(38:10 / Allies) walk_the_dog: that can buy 2 tps and a couple taurens for you
(38:13 / Allies) walk_the_dog: then you would lose them
(38:16 / Allies) walk_the_dog: and that woudl be it game over
(38:18 / Allies) walk_the_dog: no thanks
(38:36 / Allies) badabang: 100 gold not even 1 % chep
(38:38 / 6) mentaltowerscar: teamkilling
(38:45 / Allies) badabang: what u doing?
(38:57 / Allies) badabang: i c
(39:02 / Allies) badabang: ur robbing the rich
(39:26 / All) thatguysname: they dont know wat seige is.............
(40:41 / Allies) Tezcatlipoca: one percent always fight back
(40:41 / Allies) badabang: when u get some gold blue give me some
(40:49 / Allies) badabang: what?
(41:13 / Allies) walk_the_dog: dirty mex
(41:22 / Allies) badabang: trying to robb
(41:30 / Allies) Tezcatlipoca: no just hurt
(41:36 / Allies) badabang: what?
(41:40 / All) Tezcatlipoca: attack us now
(41:42 / All) Tezcatlipoca: they are fighting me
(41:44 / All) Tezcatlipoca: and weak
(41:45 / All) Tezcatlipoca: just go
(41:48 / Allies) badabang: dont robb u can ask dont force
(41:55 / All) walk_the_dog: "attack us now i cant feed anymore " - dumb mex
(42:49 / Allies) walk_the_dog: lol
(42:58 / All) Tezcatlipoca: fuck you cock sucker
(43:08 / All) badabang: gg
(43:13 / All) Dan_Murat: loll
(43:24 / Allies) walk_the_dog: orc if you kill your taurens and get to 50 food ill give you 1000 gold
(43:25 / Allies) walk_the_dog: deal?
(43:27 / 6) mentaltowerscar: he saved us awisp
(43:35 / 4) walk_the_dog: dont spend shit on the elf
(43:38 / 4) walk_the_dog: we still have a tard aboard
(43:47 / Allies) badabang: i need my 3rd hero back first
(43:52 / Allies) badabang: no i dont do deals
(43:59 / Allies) walk_the_dog: thats ok
(44:07 / Allies) walk_the_dog: i wasnt exactly in a hot need of that deal going through
(44:30 / 4) walk_the_dog: god they still have like 50k capped
(45:05 / 4) walk_the_dog: they dont even try to intercept aoe harass anymore lol
(45:07 / 6) mentaltowerscar: that top left mine looks good
(45:37 / Allies) badabang: mental let me get some gold for my hero
(46:06 / Allies) walk_the_dog: im not giving any gold away while youre over 50 food
(46:14 / Allies) walk_the_dog: we have precious little of it and i dont feel like throwing it away on taxes
(46:30 / Allies) badabang: i get heros
(46:42 / Allies) badabang: or bats?
(46:48 / Allies) walk_the_dog: yeah just ignore everything i say
(46:50 / Allies) walk_the_dog: durrr
(47:08 / Allies) badabang: there
(47:20 / 4) walk_the_dog: give him 1000 gold
(47:23 / 4) walk_the_dog: im too poor
(47:24 / Allies) badabang: gold me
(47:50 / Allies) badabang: i need for heros
(48:07 / 6) mentaltowerscar: the last heros he had he ran into towers
(48:10 / 6) mentaltowerscar: like they werent even there
(48:12 / 6) mentaltowerscar: and his heros all died
(49:09 / 4) walk_the_dog: im glad the elf left us 9 425 wells
(50:04 / All) walk_the_dog: are you guys really all still there?
(50:16 / All) thatguysname: r u?
(51:00 / All) walk_the_dog: explain your gameplan
(51:14 / All) badabang: yea fool
(51:15 / All) thatguysname: explain urs
(51:20 / All) badabang: win
(51:23 / All) walk_the_dog: kill your stuff with aoe until its all gone
(51:27 / All) Dan_Murat: we win alreadhy
(51:54 / All) badabang: see taht
(51:57 / All) badabang: we win
(52:47 / Allies) badabang: OoOoO he got caught
(53:42 / All) badabang: we have scouts every wher u cant expos
(53:55 / 4) walk_the_dog: you should give the retard gold for his bm and tell him to get his bm back only
(53:58 / 4) walk_the_dog: he could probably keep it alive
(54:02 / 4) walk_the_dog: if he didnt have other stuff to distract him
(54:04 / 6) mentaltowerscar: like last time?
(54:09 / 4) walk_the_dog: he had 3 heros last time
(54:10 / All) thatguysname: gg
(54:10 / 6) mentaltowerscar: he just stares at our stuff
(54:12 / All) walk_the_dog: nice plan
(54:14 / All) badabang: yea
(54:14 / 6) mentaltowerscar: he watched me go through invis towers
(54:17 / 6) mentaltowerscar: or w/e
(54:17 / All) badabang: leave
(54:20 / 6) mentaltowerscar: and followed visible
(54:28 / All) thatguysname: i said someone go meat wagons necs......nooooo
(54:41 / All) walk_the_dog: iot wouldnt have helped
(54:43 / All) thatguysname: lets all go frosties against towers
(54:45 / All) walk_the_dog: you guys had shit awful micro
(55:14 / All) thatguysname: well gg. U guys r some annoying mutha fuckers
(55:20 / All) badabang: peace lew
(58:07 / Allies) badabang: gold ima expo
(58:49 / All) walk_the_dog: they never even emptied that main mine
(58:50 / All) walk_the_dog: top back
(58:51 / All) walk_the_dog: lol
(59:23 / 6) mentaltowerscar: wait for me
(59:29 / 6) mentaltowerscar: watch that tc
(59:31 / 6) mentaltowerscar: fucking moron
(59:32 / 6) mentaltowerscar: his onlyu unit
(62:01 / 4) walk_the_dog: woops
(65:25 / 4) walk_the_dog: i wish this orc would leave so we coudl make bats
(66:02 / Allies) badabang: wow
(66:30 / Allies) badabang: they are good
(66:34 / Allies) badabang: where that come from?
(66:34 / Allies) walk_the_dog: no they arent
(66:46 / Allies) walk_the_dog: also its jut one guy at this point
(67:00 / Allies) badabang: where all them frost come from/
(67:19 / Allies) badabang: i need 50 godl
(67:21 / Allies) badabang: gold
(67:30 / Allies) walk_the_dog: sell some of those items
(67:41 / Allies) walk_the_dog: start withthe staff of preservation a fat hands like you would never use that in time
(68:43 / Allies) walk_the_dog: you know if you jsut stuck with the blademaster you might be able to keep it alive
(68:53 / Allies) walk_the_dog: even a total droolmonster can smash the windwalk key in under 3 seconds
(68:56 / Allies) badabang: im kool with it
(69:27 / All) walk_the_dog: how you gonna spend that godl with no town?
(70:17 / 4) walk_the_dog: lol what if his last building was that mine
(70:22 / 4) walk_the_dog: and we killed it right under his nose
(70:31 / 4) walk_the_dog: nvm hes building
(72:08 / 4) walk_the_dog: inc
(72:23 / 4) walk_the_dog: LOL
(72:28 / 4) walk_the_dog: he is mentally scarred
(72:31 / 4) walk_the_dog: by staff of teleport
(72:53 / 6) mentaltowerscar: watch this
(72:55 / 6) mentaltowerscar: imma tp in
(72:56 / 6) mentaltowerscar: and spa
(72:59 / 6) mentaltowerscar: sap
(73:07 / Allies) badabang: ouch
(73:07 / Allies) walk_the_dog: see now with just the bm, you could have easily windwalked out
(73:11 / Allies) walk_the_dog: even with your response time
(73:21 / Allies) badabang: too fast
(73:24 / 6) mentaltowerscar: oops
(73:40 / 4) walk_the_dog: he has 1 building
(73:41 / 4) walk_the_dog: lol
(73:47 / All) mentaltowerscar: victory is assured
(73:53 / All) badabang: yes
(74:16 / All) walk_the_dog: that army is gonna turn gray
(74:16 / 6) mentaltowerscar: dont kill it
(74:17 / All) badabang: hope this guy is gonna watch this replay after
(74:17 / All) walk_the_dog: and stop moving
(74:18 / 6) mentaltowerscar: make full food
(74:21 / 6) mentaltowerscar: and just kill all his crap
(74:37 / 4) walk_the_dog: tk the orc
(75:17 / All) Dan_Murat: FUCK U BITCHES, SUCK MY FAT BLACK SMELLY COCK
(75:54 / Allies) walk_the_dog: we must have an ethnically pure victory
(75:58 / Allies) walk_the_dog: we cannot be allied with the orcs
(76:03 / Allies) walk_the_dog: at the time of our triumph
(76:22 / All) Dan_Murat: =]
(76:33 / 4) walk_the_dog: meet in the middle
(76:38 / All) Dan_Murat: THAT'S WHAT I THOUGHT, BITCHES!
(77:26 / 4) walk_the_dog: im maxed
(78:31 / All) walk_the_dog: surprise